TOP OF THE 1ST |
Buchanan HS batting - Pitching for Rocky Point HS Eagles : RHP Arthur López
|
Pitching: RHP Arthur López
|
|
Batting: RHB José Montoya
|
0-0: Swinging Strike 0-1: Called Strike 0-2: Fly out, F8 (Line Drive, 8LM)
|
Batting: SHB Frank Kennedy
|
0-0: Ball 1-0: Ball 2-0: Foul Ball, location: 2F 2-1: Ball 3-1: Foul Ball, location: 2F 3-2: Base on Balls
|
Batting: RHB Leonardo Sinisterra
|
Pickoff Throw to First - Out! 0-0: Ball 1-0: Ball 2-0: Foul Ball, location: 2F 2-1: Swinging Strike 2-2: Ball 3-2: Foul Ball, location: 2F 3-2: Strikes out swinging
|
Top of the 1st over - 0 run(s), 0 hit(s), 0 error(s), 0 left on base; Buchanan HS 0 - Rocky Point HS 0 |
BOTTOM OF THE 1ST |
Rocky Point HS Eagles batting - Pitching for Buchanan HS : RHP John Robinson
|
Pitching: RHP John Robinson
|
|
Batting: RHB Benoît Vigneault
|
0-0: Called Strike 0-1: Ball 1-1: Ball 2-1: Ball 3-1: Base on Balls
|
Batting: RHB Jeremy Flemming
|
0-0: Ball 1-0: Fly out, F4 (Popup, 4D)
|
Batting: LHB Terry Simpson
|
0-0: SINGLE (Line Drive, 89S) Benoît Vigneault to second Runner from 2nd tries for 3rd, OUT!
|
Batting: LHB Michael Barrett
|
0-0: Called Strike 0-1: Swinging Strike 0-2: Ball 1-2: Fly out, F8 (Line Drive, 8RM)
|
Bottom of the 1st over - 0 run(s), 1 hit(s), 0 error(s), 1 left on base; Buchanan HS 0 - Rocky Point HS 0 |
TOP OF THE 2ND |
Buchanan HS batting - Pitching for Rocky Point HS Eagles : RHP Arthur López
|
Batting: RHB Jason Stover
|
0-0: Called Strike 0-1: SINGLE (Flyball, 89S)
|
Batting: RHB Matt Rodríguez
|
0-0: Ball 1-0: Ball 2-0: Foul Ball, location: 2F 2-1: Fly out, F2 (Popup, 2RF)
|
Batting: SHB Ken Gibson
|
0-0: Ball 1-0: Called Strike 1-1: Foul Ball, location: 2F 1-2: Fly out, F9 (Flyball, 9M)
|
Batting: RHB Ken Miller
|
0-0: Ball 1-0: Foul Ball, location: 2F 1-1: Fly out, F7 (Line Drive, 78M)
|
Top of the 2nd over - 0 run(s), 1 hit(s), 0 error(s), 1 left on base; Buchanan HS 0 - Rocky Point HS 0 |
BOTTOM OF THE 2ND |
Rocky Point HS Eagles batting - Pitching for Buchanan HS : RHP John Robinson
|
Batting: RHB Joe Lewis
|
0-0: Fly out, F8 (Popup, 4MD)
|
Batting: SHB Jean-François St-Amant
|
0-0: Called Strike 0-1: Ball 1-1: SINGLE (Groundball, 4M)
|
Batting: SHB Ralph Marshall
|
0-0: Foul Ball, location: 2F 0-1: Swinging Strike 0-2: Ball 1-2: Strikes out swinging
|
Batting: SHB Waylon Adams
|
0-0: Called Strike 0-1: Ball 1-1: Foul Ball, location: 2F 1-2: Ground out 1-3 (Groundball, 15S)
|
Bottom of the 2nd over - 0 run(s), 1 hit(s), 0 error(s), 1 left on base; Buchanan HS 0 - Rocky Point HS 0 |
TOP OF THE 3RD |
Buchanan HS batting - Pitching for Rocky Point HS Eagles : RHP Arthur López
|
Batting: RHB Mike Willis
|
0-0: Foul Ball, location: 2F 0-1: Ball 1-1: DOUBLE (Line Drive, 9LD)
|
Batting: RHB Ron Hale
|
0-0: Ball 1-0: Called Strike 1-1: Ball 2-1: Swinging Strike 2-2: Strikes out swinging
|
Batting: RHB José Montoya
|
0-0: Called Strike 0-1: Ball 1-1: Foul Ball, location: 2F 1-2: Foul Ball, location: 2F 1-2: Strikes out looking
|
Batting: SHB Frank Kennedy
|
0-0: Called Strike 0-1: Ground out 6-3 (Groundball, 6)
|
Top of the 3rd over - 0 run(s), 1 hit(s), 0 error(s), 1 left on base; Buchanan HS 0 - Rocky Point HS 0 |
BOTTOM OF THE 3RD |
Rocky Point HS Eagles batting - Pitching for Buchanan HS : RHP John Robinson
|
Batting: RHB Bill Bourland
|
0-0: Hit by Pitch
|
Batting: RHB Benoît Vigneault
|
0-0: Ball 1-0: SINGLE (Line Drive, 34D) Bill Bourland to second
|
Batting: RHB Jeremy Flemming
|
0-0: Ball 1-0: Ball 2-0: Ball 3-0: Called Strike 3-1: Base on Balls Bill Bourland to third Benoît Vigneault to second
|
Batting: LHB Terry Simpson
|
0-0: Foul Ball, location: 2F 0-1: Ball 1-1: Foul Ball, location: 2F 1-2: Ball 2-2: Strikes out looking
|
Batting: LHB Michael Barrett
|
0-0: Called Strike 0-1: Grounds into double play, 4-6-3 (Groundball, 4)
|
Bottom of the 3rd over - 0 run(s), 1 hit(s), 0 error(s), 2 left on base; Buchanan HS 0 - Rocky Point HS 0 |
TOP OF THE 4TH |
Buchanan HS batting - Pitching for Rocky Point HS Eagles : RHP Arthur López
|
Batting: RHB Leonardo Sinisterra
|
0-0: Ball 1-0: Ball 2-0: Ball 3-0: Base on Balls
|
Batting: RHB Jason Stover
|
0-0: Called Strike 0-1: Fly out, F8 (Flyball, 8RD)
|
Batting: RHB Matt Rodríguez
|
0-0: Ball 1-0: Ball 2-0: Fly out, F8 (Flyball, 8RM)
|
Batting: SHB Ken Gibson
|
0-0: Ball 1-0: Fly out, F8 (Flyball, 8RM)
|
Top of the 4th over - 0 run(s), 0 hit(s), 0 error(s), 1 left on base; Buchanan HS 0 - Rocky Point HS 0 |
BOTTOM OF THE 4TH |
Rocky Point HS Eagles batting - Pitching for Buchanan HS : RHP John Robinson
|
Batting: RHB Joe Lewis
|
0-0: Swinging Strike 0-1: Ball 1-1: Ball 2-1: Foul Ball, location: 2F 2-2: Ground out 5-3 (Groundball, 5L)
|
Batting: SHB Jean-François St-Amant
|
0-0: Ball 1-0: Foul Ball, location: 2F 1-1: Ball 2-1: Called Strike 2-2: Fly out, F7 (Flyball, 78M)
|
Batting: SHB Ralph Marshall
|
0-0: Ball 1-0: Ball 2-0: Fly out, F7 (Popup, 7LS)
|
Bottom of the 4th over - 0 run(s), 0 hit(s), 0 error(s), 0 left on base; Buchanan HS 0 - Rocky Point HS 0 |
TOP OF THE 5TH |
Buchanan HS batting - Pitching for Rocky Point HS Eagles : RHP Arthur López
|
Batting: RHB Ken Miller
|
0-0: Ball 1-0: Swinging Strike 1-1: Called Strike 1-2: Ball 2-2: Ball 3-2: Foul Ball, location: 2F 3-2: Foul Ball, location: 2F 3-2: Strikes out swinging
|
Batting: RHB Mike Willis
|
0-0: Called Strike 0-1: Ball 1-1: Swinging Strike 1-2: Strikes out swinging
|
Batting: RHB Ron Hale
|
0-0: Called Strike 0-1: Ball 1-1: Ball 2-1: SINGLE (Line Drive, 34D)
|
Batting: RHB José Montoya
|
0-0: Called Strike 0-1: Ball 1-1: SINGLE (Groundball, 6MD) Ron Hale to second Runner from 2nd tries for 3rd, SAFE, no throw or cutoff
|
Batting: SHB Frank Kennedy
|
0-0: Ball Wild Pitch! Ron Hale scores José Montoya to second 1-0: Ground out 5-3 (Groundball, 56)
|
Top of the 5th over - 1 run(s), 2 hit(s), 0 error(s), 1 left on base; Buchanan HS 1 - Rocky Point HS 0 |
BOTTOM OF THE 5TH |
Rocky Point HS Eagles batting - Pitching for Buchanan HS : RHP John Robinson
|
Batting: SHB Waylon Adams
|
0-0: Called Strike 0-1: Ball 1-1: Ball 2-1: Called Strike 2-2: Strikes out swinging
|
Batting: RHB Bill Bourland
|
0-0: Ball 1-0: Called Strike 1-1: Foul Ball, location: 2F 1-2: Ball 2-2: Ground out 1-3 (Groundball, 13)
|
Batting: RHB Benoît Vigneault
|
0-0: Called Strike 0-1: DOUBLE (Line Drive, 3D)
|
Batting: RHB Jeremy Flemming
|
0-0: Ground out 4-3 (Groundball, 4)
|
Bottom of the 5th over - 0 run(s), 1 hit(s), 0 error(s), 1 left on base; Buchanan HS 1 - Rocky Point HS 0 |
TOP OF THE 6TH |
Buchanan HS batting - Pitching for Rocky Point HS Eagles : RHP Arthur López
|
Batting: RHB Leonardo Sinisterra
|
0-0: SINGLE (Groundball, 13S) (infield hit)
|
Batting: RHB Jason Stover
|
0-0: Ball 1-0: Foul Ball, location: 2F 1-1: Grounds into double play, 4-6-3 (Groundball, 4)
|
Batting: RHB Matt Rodríguez
|
0-0: Called Strike 0-1: Ball 1-1: Foul Ball, location: 2F 1-2: Foul Ball, location: 2F 1-2: Foul Ball, location: 2F 1-2: Strikes out swinging
|
Top of the 6th over - 0 run(s), 1 hit(s), 0 error(s), 0 left on base; Buchanan HS 1 - Rocky Point HS 0 |
BOTTOM OF THE 6TH |
Rocky Point HS Eagles batting - Pitching for Buchanan HS : RHP John Robinson
|
Batting: LHB Terry Simpson
|
0-0: Called Strike 0-1: Called Strike 0-2: Strikes out swinging
|
Batting: LHB Michael Barrett
|
0-0: Called Strike 0-1: Swinging Strike 0-2: Ball 1-2: Ball 2-2: Strikes out swinging
|
Batting: RHB Joe Lewis
|
0-0: Foul Ball, location: 2F 0-1: Foul Ball, location: 2F 0-2: Ball 1-2: Ground out 4-3 (Groundball, 4M)
|
Bottom of the 6th over - 0 run(s), 0 hit(s), 0 error(s), 0 left on base; Buchanan HS 1 - Rocky Point HS 0 |
TOP OF THE 7TH |
Buchanan HS batting - Pitching for Rocky Point HS Eagles : RHP Arthur López
|
Pitching: RHP Jason Carrière
|
|
Batting: SHB Ken Gibson
|
0-0: Called Strike 0-1: Ball 1-1: Ball 2-1: Ball 3-1: Base on Balls
|
Batting: RHB Ken Miller
|
0-0: Sac Bunt - play at first, batter OUT! 1-3 Ken Gibson to second
|
Batting: RHB Mike Willis
|
0-0: Called Strike 0-1: Called Strike 0-2: Ball 1-2: Ball 2-2: Foul Ball, location: 2F 2-2: Foul Ball, location: 2F 2-2: Ground out 6-3 (Groundball, 6) Ken Gibson to third
|
Batting: RHB Ron Hale
|
0-0: Foul Ball, location: 2F 0-1: Ball 1-1: Ball 2-1: Foul Ball, location: 2F 2-2: Ball 3-2: Base on Balls
|
Batting: RHB José Montoya
|
0-0: Ball 1-0: Ball 2-0: SINGLE (Flyball, 7S) Ken Gibson scores Ron Hale to second
|
Batting: SHB Frank Kennedy
|
0-0: Fly out, F8 (Flyball, 8LD)
|
Top of the 7th over - 1 run(s), 1 hit(s), 0 error(s), 2 left on base; Buchanan HS 2 - Rocky Point HS 0 |
BOTTOM OF THE 7TH |
Rocky Point HS Eagles batting - Pitching for Buchanan HS : RHP John Robinson
|
Batting: SHB Jean-François St-Amant
|
0-0: Ground out 1-3 (Groundball, 15)
|
Batting: SHB Ralph Marshall
|
0-0: Called Strike 0-1: Called Strike 0-2: Foul Ball, location: 2F 0-2: Foul Ball, location: 2F 0-2: Ground out 1-3 (Groundball, 25)
|
Batting: SHB Waylon Adams
|
0-0: Ball 1-0: Foul Ball, location: 2F 1-1: Ball 2-1: Ball 3-1: Base on Balls
|
Pitching: RHP Robby MacRae
|
|
Batting: RHB Bill Bourland
|
0-0: Swinging Strike 0-1: Ball 1-1: SINGLE (Line Drive, 9LS) Waylon Adams to second
|
Batting: RHB Benoît Vigneault
|
0-0: Foul Ball, location: 2F 0-1: Ball 1-1: Swinging Strike 1-2: Ball 2-2: Ball 3-2: Strikes out swinging
|
Bottom of the 7th over - 0 run(s), 1 hit(s), 0 error(s), 2 left on base; Buchanan HS 2 - Rocky Point HS 0 |
TOP OF THE 8TH |
Buchanan HS batting - Pitching for Rocky Point HS Eagles : RHP Jason Carrière
|
Batting: RHB Leonardo Sinisterra
|
0-0: Called Strike 0-1: Ball 1-1: Ball 2-1: Foul Ball, location: 2F 2-2: Foul Ball, location: 2F 2-2: Strikes out swinging
|
Batting: RHB Jason Stover
|
0-0: Swinging Strike 0-1: Ball 1-1: Ball 2-1: Ball 3-1: Swinging Strike 3-2: Fly out, F4 (Popup, 4)
|
Batting: RHB Matt Rodríguez
|
0-0: Ball 1-0: Called Strike 1-1: Ground out 5-3 (Groundball, 56)
|
Top of the 8th over - 0 run(s), 0 hit(s), 0 error(s), 0 left on base; Buchanan HS 2 - Rocky Point HS 0 |
BOTTOM OF THE 8TH |
Rocky Point HS Eagles batting - Pitching for Buchanan HS : RHP Robby MacRae
|
Batting: RHB Jeremy Flemming
|
0-0: Called Strike 0-1: Ball 1-1: Foul Ball, location: 2F 1-2: Strikes out swinging
|
Batting: LHB Terry Simpson
|
0-0: Foul Ball, location: 2F 0-1: Foul Ball, location: 2F 0-2: Fly out, F6 (Popup, 15)
|
Batting: LHB Michael Barrett
|
0-0: Ground out 4-3 (Groundball, 4)
|
Bottom of the 8th over - 0 run(s), 0 hit(s), 0 error(s), 0 left on base; Buchanan HS 2 - Rocky Point HS 0 |
TOP OF THE 9TH |
Buchanan HS batting - Pitching for Rocky Point HS Eagles : RHP Jason Carrière
|
Batting: SHB Ken Gibson
|
0-0: Called Strike 0-1: Ground out U3 (Groundball, 3)
|
Batting: RHB Ken Miller
|
0-0: Called Strike 0-1: Swinging Strike 0-2: Ball 1-2: Strikes out swinging
|
Batting: RHB Mike Willis
|
0-0: Ball 1-0: Foul Ball, location: 2F 1-1: Ball 2-1: Foul Ball, location: 2F 2-2: Strikes out swinging
|
Top of the 9th over - 0 run(s), 0 hit(s), 0 error(s), 0 left on base; Buchanan HS 2 - Rocky Point HS 0 |
BOTTOM OF THE 9TH |
Rocky Point HS Eagles batting - Pitching for Buchanan HS : RHP Robby MacRae
|
Pitching: RHP Richard Lewis
|
|
Now in CF: Andrew Lockhart
|
|
Batting: RHB Joe Lewis
|
0-0: Called Strike 0-1: Ball 1-1: Called Strike 1-2: Foul Ball, location: 2F 1-2: Fly out, F4 (Popup, 4D)
|
Batting: SHB Jean-François St-Amant
|
0-0: Ball 1-0: Ball 2-0: Called Strike 2-1: Swinging Strike 2-2: Ball 3-2: Foul Ball, location: 2F 3-2: Strikes out swinging
|
Batting: SHB Ralph Marshall
|
0-0: Swinging Strike 0-1: Ball 1-1: SOLO HOME RUN (Line Drive, 9D), Distance : 404 ft
|
Batting: SHB Waylon Adams
|
0-0: Ball 1-0: Swinging Strike 1-1: Ball 2-1: Ball 3-1: Base on Balls
|
Batting: RHB Bill Bourland
|
0-0: Ball 1-0: Swinging Strike 1-1: Swinging Strike 1-2: Foul Ball, location: 2F 1-2: Strikes out swinging
|
Bottom of the 9th over - 1 run(s), 1 hit(s), 0 error(s), 1 left on base; Buchanan HS 2 - Rocky Point HS 1 |
|